 Dungeon Crawl Stone Soup version 0.23.2-1-ga50397a (console) character file.

Game seed: 1681602873558668595

488 fly the Slasher (level 7, -1/50 HPs)
             Began as a Human Skald on Apr 26, 2019.
             Slain by Pikel
             ... wielding a +2 whip of flaming
              (4 damage)
             ... on level 5 of the Dungeon.
             The game lasted 00:05:55 (3915 turns).

fly the Slasher (Human Skald)                       Turns: 3915, Time: 00:05:56

Health: -1/50      AC:  6    Str: 11    XL:     7   Next: 36%
Magic:  9/10       EV: 14    Int: 14    God:
Gold:   45         SH:  0    Dex: 14    Spells: 7/10 levels left

rFire    . . .     SeeInvis .   a - +4 short sword (venom)
rCold    . . .     Gourm    .   (no shield)
rNeg     . . .     Faith    .   y - +0 leather armour
rPois    .         Spirit   .   (no helmet)
rElec    .         Reflect  .   (no cloak)
rCorr    .         Harm     .   (no gloves)
MR       .....                  (no boots)
Stlth    +.........             (no amulet)
HPRegen  0.16/turn              l - +3 ring of protection
MPRegen  0.12/turn              (no ring)

@: infused
A: no striking features
a: no special abilities


You were on level 5 of the Dungeon.
You were not hungry.

You visited 1 branch of the dungeon, and saw 5 of its levels.

You collected 175 gold pieces.
You spent 130 gold pieces at shops.

Inventory:

Hand Weapons
 a - a +4 short sword of venom (weapon)
 b - a +0 falchion
 w - a +0 blowgun
Armour
 y - a +0 leather armour (worn)
Jewellery
 l - a +3 ring of protection (left hand)
Wands
 i - a wand of iceblast (9)
 r - a wand of polymorph (4)
Scrolls
 e - 2 scrolls of amnesia {unknown}
 f - 3 scrolls of fog {unknown}
 g - 2 scrolls of identify {unknown}
 m - a scroll of remove curse {unknown}
 p - a scroll of enchant armour {unknown}
 q - a scroll of fear {unknown}
Potions
 c - a potion of might {unknown}
 h - a potion of agility {unknown}
 j - 2 potions of heal wounds {unknown}
 k - 4 potions of curing
 n - a potion of degeneration
Comestibles
 d - 10 rations
 o - a chunk of flesh


   Skills:
 - Level 2.0 Fighting
 + Level 5.4 Long Blades
 - Level 1.0 Armour
 + Level 5.4 Dodging
 - Level 2.0 Spellcasting
 - Level 3.0 Charms


You had 7 spell levels left.
You knew the following spells:

 Your Spells              Type           Power        Failure   Level  Hunger
s - Song of Slaying       Chrm           #.......     14%         2    ###....
z - Infusion              Chrm           #...         9%          1    ##.....

Your spell library contained the following spells:

 Spells                   Type           Power        Failure   Level  Hunger
 Shroud of Golubria       Chrm/Tloc      #.........   26%         2    ###....
 Regeneration             Chrm/Necr      #.........   45%         3    ####...
 Spectral Weapon          Hex/Chrm       #.......     45%         3    ####...


Dungeon Overview and Level Annotations

Branches:
Dungeon (5/15)
 Temple: D:4-7

Altars:
Okawaru

Shops:
D:4 !

Annotations:
D:5 Pikel


Message History

Confirm with . or Enter, or press ? or * to list all spells.
You begin infusing your attacks with magical energy.
You hit Pikel.
Pikel looks as sick as possible!
Pikel is almost dead.
Pikel hits you with a +2 whip of flaming!
* * * LOW HITPOINT WARNING * * *
Pikel burns you.
* * * LOW HITPOINT WARNING * * *
You hit Pikel.
Pikel looks as sick as possible!
Pikel is almost dead.
Pikel hits you with a +2 whip of flaming!
* * * LOW HITPOINT WARNING * * *
Pikel burns you.
* * * LOW HITPOINT WARNING * * *
The crimson imp blinks!
You closely miss Pikel.
Pikel is almost dead.
Pikel waves his whip at you.
Pikel hits you with a +2 whip of flaming.
You die...

#.....# .....#####
........####. .......#....
##........... #........[..##
. #.#p........# ..
#@Kpp.......#..
#.##.g.......# ....#........#
#......####........#.##
.....#####............ ..
...ยง##....p...^..##... #..
##..###....p..####....
###..###....#......g.#.......
#.........#.##.........).....


You could see Pikel, 3 slaves and a gnoll.

Vanquished Creatures
  Edmund (D:4)
  A howler monkey (D:4)
  A crimson imp (D:3)
  Jessica (D:2)
  4 worker ants
  A gnoll (D:1)
  8 adders
  A shadow imp (D:5)
  2 adder skeletons
  A worm (D:4)
  3 leopard geckos (D:2)
  8 orcs
  2 giant cockroaches
  4 goblins
  6 hobgoblins
  6 jackals
  2 quokkas
  A ball python (D:2)
  7 bats
  8 frilled lizards
  7 kobolds
  9 rats
84 creatures vanquished.

Notes
Turn   | Place    | Note
-------+----------+-------------------------------------------
     0 | D:1      | fly the Human Skald began the quest for the Orb.
     0 | D:1      | Reached XP level 1. HP: 16/16 MP: 3/3
   316 | D:1      | Reached XP level 2. HP: 22/22 MP: 5/5
   530 | D:1      | Reached XP level 3. HP: 26/27 MP: 0/6
  1012 | D:2      | Learned a level 2 spell: Song of Slaying
  1324 | D:2      | Reached XP level 4. HP: 33/33 MP: 3/7
  1591 | D:2      | Noticed Jessica
  1600 | D:2      | Killed Jessica
  1655 | D:2      | Reached XP level 5. HP: 23/38 MP: 8/8
  2274 | D:3      | Reached XP level 6. HP: 39/44 MP: 5/9
  2775 | D:4      | Found Zunt's Distillery.
  2782 | D:4      | Bought a potion of degeneration for 13 gold pieces
  2782 | D:4      | Bought 2 potions of curing for 78 gold pieces
  2782 | D:4      | Bought a potion of curing for 39 gold pieces
  3506 | D:4      | Found an iron altar of Okawaru.
  3596 | D:4      | Noticed Edmund
  3614 | D:4      | Killed Edmund
  3614 | D:4      | Reached skill level 5 in Long Blades
  3614 | D:4      | Reached skill level 5 in Dodging
  3614 | D:4      | Reached XP level 7. HP: 44/50 MP: 10/10
  3805 | D:5      | Entered Level 5 of the Dungeon
  3878 | D:5      | Noticed Pikel
  3915 | D:5      | Slain by Pikel

Skill      XL: |  1  2  3  4  5  6 |
---------------+-------------------+-----
Long Blades    | 3 4 5 |  5.4
Dodging        | 3 4 5 |  5.4
Fighting       | |  2.0
Armour         | |  1.0
Spellcasting   | |  2.0
Charms         | |  3.0

Action                   |  1- 3 |  4- 6 |  7- 9 || total
-------------------------+-------+-------+-------++-------
Melee: Falchion          |    41 |       |       ||    41
       Short sword       |    12 |   138 |    27 ||   177
 Cast: Infusion          |     9 |     5 |     4 ||    18
 Stab: Sleeping          |       |     2 |       ||     2
  Eat: Chunk             |     1 |     8 |     1 ||    10
Armor: Leather armour    |    13 |    17 |     6 ||    36
Dodge: Dodged            |    30 |    99 |    20 ||   149
       Rpst.: Falchion   |     4 |       |       ||     4
